 Dungeon Crawl Stone Soup version 0.31-a0-222-gefeffbb62a (webtiles) character file.

Game seed: 5726637343196573298

102 qw the Shooter (level 4, -6/36 HPs)
             Began as a Minotaur Hexslinger on July 5, 2023.
             Mangled by an orc
             ... wielding a +0 trident
              (7 damage)
             ... on level 3 of the Dungeon.
             The game lasted 00:00:38 (1632 turns).

qw the Shooter (Minotaur Hexslinger)                Turns: 1632, Time: 00:00:38

Health: -6/36      AC:  6    Str: 13    XL:     4   Next: 50%
Magic:  4/4        EV:  8    Int: 10    God:
Gold:   107        SH:  0    Dex: 14    Spells: 4/5 levels left

rFire   . . .        Y - +2 sling
rCold   + . .        (no shield)
rNeg    . . .        i - +1 ring mail "Jyumyriy" {rElec rC+ rCorr}
rPois   .            (helmet restricted)
rElec   +            (no cloak)
rCorr   +            (no gloves)
SInv    .            (no boots)
Will    .....        (no amulet)
Stlth   +            (no ring)
HPRegen 0.26/turn    (no ring)
MPRegen 0.09/turn

%: no passive effects
@: about to teleport, constricted
A: horns 2, retaliatory headbutt
a: no special abilities


You were on level 3 of the Dungeon.
You visited 1 branch of the dungeon, and saw 3 of its levels.

You collected 107 gold pieces.


Innate Abilities, Weirdness & Mutations

You have a pair of horns on your head.
You reflexively headbutt those who attack you in melee.


   Skills:
 - Level 2.0 Fighting
 + Level 4.9 Ranged Weapons
 - Level 1.0 Armour
 - Level 2.1 Dodging
 - Level 1.0 Spellcasting
 - Level 2.0 Hexes


You had 4 spell levels left.
You knew the following spells:

 Your Spells              Type           Power      Damage    Failure   Level
a - Slow                  Hex            16%        N/A       32%         1

Your spell library contained the following spells:

 Spells                   Type           Power      Damage    Failure   Level
 Inner Flame              Hex/Fire       2%         N/A       82%         3
 Portal Projectile        Hex/Tloc       4%         N/A       82%         3
 Cause Fear               Hex            2%         N/A       97%         4

Inventory:

Hand Weapons
 Y - a +2 sling (weapon)
Armour
 i - the +1 ring mail "Jyumyriy" (worn) {rElec rC+ rCorr}
   (You found it on level 2 of the Dungeon)

   rC:        It protects you from cold.
   rElec:     It insulates you from electricity.
   rCorr:     It protects you from acid and corrosion.
Scrolls
 a - a scroll of identify
 g - 3 scrolls of teleportation
Potions
 b - a potion of attraction {unknown}
 d - 2 potions of curing
 f - a potion of mutation

Dungeon Overview and Level Annotations

Branches:
Dungeon (3/15)

Altars:
Yredelemnul


Message History

The orc barely misses you. The endoplasm freezes you.
You are frozen.
You resist. The sleepcap closely misses you.
You shoot a sling bullet. The sling bullet hits the sleepcap.
The sleepcap is almost destroyed.
The orc hits you from afar with a +0 trident.
The orc hits you with a +0 hand axe. The endoplasm freezes you.
You are frozen.
You resist. The sleepcap releases spores at you.
You are engulfed in a cloud of soporific spores!
You fall asleep.
The orc hits you with a +0 hand axe!
You wake up.
The sleepcap barely misses you.
The endoplasm hits you but does no damage.
You shoot a sling bullet. The sling bullet hits the sleepcap.
You destroy the sleepcap!
The orc closely misses you. The orc barely misses you. You furiously retaliate!
You headbutt the orc. The endoplasm completely misses you.
The ball python bites you but does no damage.
The ball python closely misses you. The orc barely misses you.
The endoplasm freezes you.
You are frozen.
You resist.
1630 ||| READING 4 scrolls of teleportation.
As you read the scroll of teleportation, it crumbles to dust.
You feel strangely unstable.
The ball python barely misses you. x2; The orc closely misses you.
The endoplasm hits you but does no damage.
The orc misses you.
You shoot a sling bullet.
The sling bullet closely misses the orc.
The ball python closely misses you. The ball python grabs you.
The ball python constricts you.
A giant cockroach comes into view.
The orc hits you with a +0 hand axe.
The endoplasm hits you but does no damage.
The ball python bites you. The ball python constricts you.
You shoot a sling bullet.
The sling bullet hits the ball python but does no damage.
The orc hits you from afar with a +0 trident!
You die...

#.# # ... #.# # . .. #.#
# #. .. #.# # #. #. #.#
# #.##. #.# # #....##
#.# #
#..J#########.######
#o@.........%......
.B...oS##########.######
......o #.# ## ......g
#.#####. .......
#.#..#.. ###...)
#.#..... #.... #.#.##..
..... #.#.###. #.# ##


You could see an orc wizard, 2 orcs, an endoplasm, a giant cockroach, a goblin
and a ball python.

Vanquished Creatures
  A sleepcap (D:3)
  2 adders (D:2)
  3 ball pythons
  3 bats
  8 endoplasms
  3 giant cockroaches
  4 goblins
  11 hobgoblins
  2 jackals (D:2)
  6 kobolds
  2 frilled lizards (D:2)
  3 rats
48 creatures vanquished.

Notes
Turn   | Place    | Note
-------+----------+-------------------------------------------
     0 | D:1      | qw the Minotaur Hexslinger began the quest for the Orb.
     0 | D:1      | Reached XP level 1. HP: 16/16 MP: 1/1
     0 | D:1      | 0 ||| qw: Version: 0.3-a-46-gb1f654a
     0 | D:1      | 0 ||| qw: Game counter: 1007
     0 | D:1      | 0 ||| qw: Melee chars always use a shield: true
     0 | D:1      | 0 ||| qw: God list: Okawaru
     0 | D:1      | 0 ||| qw: Allow faded altars: false
     0 | D:1      | 0 ||| qw: Do Orc after clearing Dungeon:15 true
     0 | D:1      | 0 ||| qw: Do second Lair branch before Depths: true
     0 | D:1      | 0 ||| qw: Lair rune preference: random
     0 | D:1      | 0 ||| qw: Goals: Normal
     0 | D:1      | 0 ||| PLANNING D:1-11
   210 | D:1      | Reached skill level 3 in Ranged Weapons
   242 | D:1      | Reached XP level 2. HP: 23/23 MP: 2/2
   724 | D:1      | 724 ||| READING scroll labelled KALANOR UQ UDGH.
   725 | D:1      | 725 ||| DRINKING 2 metallic sapphire potions.
   726 | D:1      | 726 ||| DROPPING scroll of poison.
   768 | D:2      | Reached XP level 3. HP: 29/29 MP: 3/3
   822 | D:2      | Reached skill level 4 in Ranged Weapons
  1231 | D:2      | Identified the +1 ring mail "Jyumyriy" {rElec rC+ rCorr}
  1413 | D:2      | 1413 ||| UPGRADING to +0 leather armour.
  1423 | D:2      | 1423 ||| DROPPING +0 robe.
  1424 | D:2      | 1424 ||| UPGRADING to +1 ring mail "Jyumyriy" {rElec rC+
                  | rCorr}.
  1434 | D:2      | 1434 ||| DROPPING +0 leather armour.
  1435 | D:2      | 1435 ||| READING 3 scrolls labelled XECIAC JUMOFF.
  1436 | D:2      | 1436 ||| READING scroll labelled GAKLIN RUXIDI.
  1437 | D:2      | 1437 ||| READING 2 scrolls labelled JIROSIMAXA.
  1442 | D:2      | 1442 ||| DRINKING 3 emerald potions.
  1443 | D:2      | 1443 ||| READING 2 scrolls of identify.
  1443 | D:2      | 1443 ||| IDENTIFYING fizzy white potion
  1444 | D:2      | 1444 ||| DROPPING 2 potions of magic.
  1464 | D:3      | 1464 ||| STAIRDANCE
  1468 | D:2      | Reached XP level 4. HP: 27/36 MP: 4/4
  1523 | D:3      | Found a basalt altar of Yredelemnul.
  1606 | D:3      | Reached skill level 1 in Armour
  1629 | D:3      | HP: 9/36 [frozen (2)]
  1630 | D:3      | 1630 ||| READING 4 scrolls of teleportation.
  1631 | D:3      | HP: 4/36 [orc/+0 hand axe (6)]
  1631 | D:3      | HP: 1/36 [ball python (3)]
  1632 | D:3      | Mangled by an orc

Levels and vault maps discovered:
D:1:      matt_arrival_grand_opening, layout_basic
D:2:      minmay_chambers_of_twos, layout_basic
D:3:      layout_basic, lemuel_round_altar

Skill      XL: |  1  2  3  4 |
---------------+-------------+-----
Ranged Weapons | 3 4 |  4.9
Fighting       | 2 |  2.0
Armour         | 1 |  1.0
Dodging        | |  2.1
Spellcasting   | |  1.0
Hexes          | |  2.0

Action                     |  1- 3 |  4- 6 || total
---------------------------+-------+-------++-------
   Fire: Sling             |   105 |    17 ||   122
    Use: Scroll            |     5 |     1 ||     6
         Potion            |     2 |       ||     2
 Armour: Robe              |     2 |       ||     2
         Ring mail         |     7 |     5 ||    12
  Dodge: Dodged            |    33 |    22 ||    55

Table legend:
 A = Non-vault XP
 B = Vault XP
 C = Vault XP percentage of total XP
 D = Non-vault monster count
 E = Vault monster count
 F = Vault count percentage of total count
                 A         B        C        D         E       F
            +---------+---------+-------+---------+---------+-------
      Total |     120 |      27 |  18.4 |      40 |       8 |  16.7
            +---------+---------+-------+---------+---------+-------
        D:1 |      27 |       0 |   0.0 |      15 |       0 |   0.0
        D:2 |      44 |      27 |  38.0 |      19 |       8 |  29.6
        D:3 |      49 |       0 |   0.0 |       6 |       0 |   0.0
            +---------+---------+-------+---------+---------+-------
